 Dungeon Crawl Stone Soup version 0.30-a0-371-gad7725a93e (webtiles) character file.

Game seed: 303756199318604041

137 Bnni the Shield-Bearer (level 5, 0/42 HPs)
             Began as a Formicid Fighter on Nov 20, 2022.
             Was an Initiate of Yredelemnul.
             Slain by a gnoll
             ... wielding a +0 spear
              (4 damage)
             ... on level 4 of the Dungeon.
             The game lasted 00:02:24 (1520 turns).

Bnni the Shield-Bearer (Formicid Fighter)           Turns: 1520, Time: 00:02:24

Health: 0/42       AC:  6    Str: 23    XL:     5   Next: 44%
Magic:  5/5        EV:  9    Int:  7    God:    Yredelemnul [......]
Gold:   62         SH:  5    Dex: 13    Spells: 4/4 levels left

rFire   . . .      SeeInvis +    a - +0 trident
rCold   . . .      Faith    .    c - +0 buckler
rNeg    . . .      Spirit   .    b - +0 scale mail
rPois   .          Reflect  .    (helmet unavailable)
rElec   .          Harm     .    (no cloak)
rCorr   .          Rampage  .    (no gloves)
Will    .....                    (no boots)
Stlth   ..........               (no amulet)
HPRegen 0.27/turn                (no ring)
MPRegen 0.09/turn                (no ring)

@: mighty
A: permanent stasis, dig shafts and tunnels, antennae 3, four strong arms
a: Dig, Shaft Self, Renounce Religion, Recall Undead Harvest


You were on level 4 of the Dungeon.
You worshipped Yredelemnul.
Yredelemnul was noncommittal.
You visited 2 branches of the dungeon, and saw 5 of its levels.

You collected 62 gold pieces.

Inventory:

Hand Weapons
 a - a +0 trident (weapon)
Missiles
 r - 6 javelins
Armour
 b - a +0 scale mail (worn)
 c - a +0 buckler (worn)
Wands
 m - a wand of iceblast (3)
Scrolls
 e - a scroll of fear {unknown}
 f - a scroll of identify {unknown}
 j - a scroll of poison {unknown}
 k - 3 scrolls of immolation {unknown}
 p - 2 scrolls of teleportation {unknown}
Potions
 d - 2 potions of might
 g - a potion of curing {unknown}
 h - a potion of flight {unknown}
 i - a potion of experience {unknown}
 l - a potion of heal wounds {unknown}
 n - a potion of lignification {unknown}
 o - a potion of invisibility {unknown}
 q - a potion of degeneration {unknown}


   Skills:
 + Level 4.2 Fighting
 * Level 4.0 Polearms
 - Level 3.2 Armour
 - Level 5.0 Shields


You had 4 spell levels left.
You didn't know any spells.
Your spell library contained the following spells:

 Spells                   Type           Power      Damage    Failure   Level
 Necrotise                Necr           0%         1d4       80%         1
 Vampiric Draining        Necr           0%         2d6       99%         3
 Agony                    Necr           0%         N/A       100%        5
 Borgnjor's Vile Clutch   Necr/Erth      0%         N/A       100%        5
 Conjure Ball Lightning   Conj/Air       0%         3x3d7     100%        6
 Discord                  Hex            0%         N/A       100%        8
 Disjunction              Tloc           0%         N/A       100%        8


Dungeon Overview and Level Annotations

Branches:
Dungeon (4/15)             Temple (1/1) D:4

Altars:
Ashenzari
Cheibriados
Dithmenos
Elyvilon
Fedhas
Kikubaaqudgha
Makhleb
Okawaru
Qazlal
Ru
Vehumet
Wu Jian
Xom
Yredelemnul
The Shining One


Innate Abilities, Weirdness & Mutations

You cannot be hasted, slowed, berserked, paralysed or teleported.
You can dig through walls and to a lower floor.
You have a pair of large antennae on your head. (SInv)
Your four strong arms can wield two-handed weapons with a shield.


Message History

Reach: a) +0 trident
Press: ? - help, Dir - move target, f - gnoll
Aim: a gnoll, wielding a +0 whip (about 37% to evade your +0 trident)
You reach to attack!
You hit the gnoll.
The gnoll is heavily wounded.
Your gnoll zombie hits the gnoll.
Unknown command.
Reach: a) +0 trident
Press: ? - help, Dir - move target, f/p - gnoll
Aim: a gnoll, wielding a +0 whip (heavily wounded, about 37% to evade your +0 trident)
You closely miss the gnoll.
The gnoll is heavily wounded.
You block the gnoll's attack.
The gnoll hits you from afar with a +0 spear.
* * * LOW HITPOINT WARNING * * *
Reach: a) +0 trident
Press: ? - help, Dir - move target, f/p - gnoll
Aim: a gnoll, wielding a +0 whip (heavily wounded, about 37% to evade your +0 trident)
You closely miss the gnoll.
The gnoll is heavily wounded.
The gnoll closely misses you. The gnoll completely misses you.
You feel very mighty all of a sudden.
Your gnoll zombie hits the gnoll but does no damage.
You block the gnoll's attack. The gnoll hits you with a +0 whip.
* * * LOW HITPOINT WARNING * * *
You puncture the gnoll!
You kill the gnoll!
Your gnoll zombie hits the gnoll but does no damage.
The gnoll hits your gnoll zombie with a +0 spear!
Your Polearms skill increases to level 4!
Unknown command.
Reach: a) +0 trident
Press: ? - help, Dir - move target, f - gnoll
Aim: a gnoll, wielding a +0 spear (lightly wounded, ally target, about 36% to evade your +0 trident)
You reach to attack!
You closely miss the gnoll.
The gnoll is lightly wounded.
Your gnoll zombie hits the gnoll but does no damage.
The gnoll hits you from afar with a +0 spear.
You die...
Your body rises from the dead as a mindless zombie.

###........####
##....#...#..^...
#...#.......#...#
####.#.....>.....#
#..#...#.......#...#
##..#Z#..g#...#.....#
#...#g###..g....###.#
#..##.# #..#.#..#
#...)@# #.........
#(##### #...#.####.
######.# ##....#
#......# #.#.##
#.###### .#.# #...#
#. { ###.# #. {{ #.#
####.###### #.#
#.........#


You could see a gnoll (ally target) and a friendly gnoll zombie.

Vanquished Creatures
  Natasha (D:3)
  3 gnolls (D:4)
  2 adders (D:4)
  A worm (D:2)
  An orc (D:3)
  5 bats
  8 endoplasms
  4 giant cockroaches
  4 goblins
  5 hobgoblins
  6 jackals (D:1)
  3 quokkas
  2 ball pythons
  2 frilled lizards (D:1)
  6 kobolds
  4 rats
57 creatures vanquished.

Vanquished Creatures (others)
  A gnoll zombie (D:4)
1 creature vanquished.

Grand Total: 58 creatures vanquished

Notes
Turn   | Place    | Note
-------+----------+-------------------------------------------
     0 | D:1      | Bnni the Formicid Fighter began the quest for the Orb.
     0 | D:1      | Reached XP level 1. HP: 18/18 MP: 1/1
    69 | D:1      | Got Byckun's Octavo of Gloom
    77 | D:1      | Reached XP level 2. HP: 24/24 MP: 2/2
   224 | D:1      | Reached XP level 3. HP: 25/29 MP: 3/3
  1014 | D:2      | Reached XP level 4. HP: 25/37 MP: 4/4
  1374 | D:3      | Noticed Natasha
  1381 | D:3      | Killed Natasha
  1392 | D:3      | Found a faded altar of an unknown god.
  1400 | D:3      | You fall into a shaft and drop 1 floor!
  1455 | D:4      | Reached XP level 5. HP: 42/42 MP: 5/5
  1466 | D:4      | Found a staircase to the Ecumenical Temple.
  1480 | Temple   | Entered the Ecumenical Temple
  1485 | Temple   | Became a worshipper of Yredelemnul the Dark
  1508 | D:4      | Reached skill level 5 in Shields
  1520 | D:4      | Slain by a gnoll

Illustrated notes

Levels and vault maps discovered:
D:1:      lightli_arrival_boilingwater, layout_rooms, minivault_11,
          minmay_misc_feat_room
D:2:      layout_loops_ring
D:3:      layout_loops_cross, nicolae_overflow_hidden_temple,
          jmf_multi_god_temple, ebering_ecumenical_altar_abandoned,
          chequers_serial_rivers_micro_e, st_stairs_5, hangedman_decor_riveting,
          minivault_14, serial_bayou_pond_e, minmay_misc_feat_hallway,
          uniq_natasha
D:4:      layout_basic, minmay_temple_entry_sparse_star, serial_shops,
          nicolae_shop_trees, minmay_distorted
Temple:   minmay_freezing_vapour_temple

Skill      XL: |  1  2  3  4  5 |
---------------+----------------+-----
Polearms       | 3 4 |  4.0
Fighting       | 4 |  4.2
Shields        | 5 |  5.0
Armour         | |  3.2

Action                   |  1- 3 |  4- 6 || total
-------------------------+-------+-------++-------
Melee: Trident           |   127 |    56 ||   183
  Use: Potion            |       |     1 ||     1
Armor: Scale mail        |    56 |     8 ||    64
Dodge: Dodged            |    39 |    13 ||    52
Block: Buckler           |    27 |    14 ||    41

Table legend: (Time is in decaauts)
 A = Elapsed time spent in this place.
 B = Non-inter-level travel time spent in this place.
 C = Inter-level travel time spent in this place.
 D = Time resting spent in this place.
 E = Time spent auto-exploring this place.
 F = Levels seen in this place.
 G = Mean time per level.
                   A        B        C        D        E       F      G
               +--------+--------+--------+--------+--------+-----+--------+
         Total |   1562 |   1531 |     31 |      0 |   1127 |   5 |  312.4 |
       Dungeon |   1551 |   1520 |     31 |      0 |   1127 |   4 |  387.8 |
        Temple |     10 |     10 |      0 |      0 |      0 |   1 |   10.0 |
               +--------+--------+--------+--------+--------+-----+--------+

Top non-repeatable levels by time:
     D:2: 705 daAuts
     D:1: 550 daAuts
     D:3: 181 daAuts
     D:4: 114 daAuts
  Temple: 10 daAuts
